[ PARTIDA AOE2 · #483593113 ]
UnrankedTeutones vs Ethiopians
[ ANÁLISIS DE REPETICIÓN · EXTRAÍDO DE LA PARTIDA GRABADA ]
Feudal
—
Castillos
—
Imperial
—
| APM promedio | 21.9 |
| APM pico | 65 |
| eAPM promedio | 14.8 |
| Aldeanos / militares | 150 / 0 |
Foco
⚔️ 13.5% · 🌾 86.5%
Feudal
11:03
Castillos
15:29
Imperial
32:09
| APM promedio | 35.5 |
| APM pico | 73 |
| eAPM promedio | 18.5 |
| Aldeanos / militares | 128 / 65 |
Foco
⚔️ 14.5% · 🌾 85.5%
Archer ×56 · Militia ×5 · Mangonel ×2 · Trebuchet (Packed) ×2
Feudal
15:16
Castillos
21:08
Imperial
36:38
| APM promedio | 25.3 |
| APM pico | 66 |
| eAPM promedio | 12.7 |
| Aldeanos / militares | 130 / 55 |
Foco
⚔️ 20.4% · 🌾 79.6%
Knight ×55
Feudal
9:29
Castillos
33:45
Imperial
—
| APM promedio | 33.7 |
| APM pico | 101 |
| eAPM promedio | 19.0 |
| Aldeanos / militares | 73 / 20 |
Foco
⚔️ 18.1% · 🌾 81.9%
Militia ×17 · Spearman ×3
Feudal
10:06
Castillos
21:29
Imperial
33:43
| APM promedio | 42.4 |
| APM pico | 94 |
| eAPM promedio | 19.3 |
| Aldeanos / militares | 125 / 40 |
Foco
⚔️ 21.8% · 🌾 78.2%
Skirmisher ×28 · Archer ×8 · Knight ×2 · Spearman ×1 · Trebuchet (Packed) ×1
Feudal
11:31
Castillos
15:53
Imperial
29:48
| APM promedio | 34.4 |
| APM pico | 65 |
| eAPM promedio | 21.3 |
| Aldeanos / militares | 119 / 98 |
Foco
⚔️ 24.6% · 🌾 75.4%
Knight ×94 · Trebuchet (Packed) ×3 · Mangonel ×1
Feudal
11:28
Castillos
16:33
Imperial
—
| APM promedio | 20.7 |
| APM pico | 69 |
| eAPM promedio | 13.3 |
| Aldeanos / militares | 129 / 28 |
Foco
⚔️ 16.4% · 🌾 83.6%
Leitis ×19 · Skirmisher ×7 · Monk ×2 · Trade Cart ×1
Feudal
11:07
Castillos
15:43
Imperial
—
| APM promedio | 36.8 |
| APM pico | 94 |
| eAPM promedio | 14.7 |
| Aldeanos / militares | 112 / 53 |
Foco
⚔️ 22.7% · 🌾 77.3%
Mameluke ×31 · Battering Ram ×9 · Knight ×8 · Camel Scout ×5
Mapa de la partida
Recursos iniciales + cada clic de construcción. Líneas = muros · curvas = relieve. ◆ oro · ⬟ piedra · ● bayas · ✦ reliquia · ◌ hueco del cierre
Tu base· ✓ Cerrada en 19:57 · 4t muro · 2 puerta(s)
Base de 犹豫就会白给· ✓ Cerrada en 15:29 · 23t muro · 2 puerta(s)
Base de moul_3asirLimoune· ✓ Cerrada en 21:08 · 0t muro · 3 puerta(s)
Base de Launger· ✓ Cerrada en 33:45 · 29t muro · 5 puerta(s)
Base de Scyron· ✓ Cerrada en 21:29 · 0t muro · 3 puerta(s)
Base de 干死歪果佬· ✓ Cerrada en 15:53 · 0t muro · 3 puerta(s)
Base de Fujitora· ✓ Cerrada en 16:33 · 0t muro · 2 puerta(s)
Base de Led· ✓ Cerrada en 15:43 · 0t muro · 2 puerta(s)
Terreno inicial suavizado · ◌ = hueco del cierre detectado · pasá el cursor para detalles
Inputs por minuto
— IFRITIUS7028 - - 犹豫就会白给
Build order — IFRITIUS7028
Primeras 150 de 298 acciones detectadas
| 0:02 | Crear | Villager (Male) |
| 0:02 | Crear | Villager (Male) |
| 0:02 | Crear | Villager (Male) |
| 0:03 | Crear | Villager (Male) |
| 0:03 | Crear | Villager (Male) |
| 0:05 | Construir | House |
| 0:07 | Construir | House |
| 1:26 | Crear | Villager (Male) |
| 1:47 | Construir | Lumber Camp |
| 1:53 | Crear | Villager (Male) |
| 2:11 | Crear | Villager (Male) |
| 2:34 | Construir | House |
| 2:51 | Crear | Villager (Male) |
| 2:52 | Crear | Villager (Male) |
| 3:13 | Crear | Villager (Male) |
| 3:32 | Crear | Villager (Male) |
| 4:24 | Crear | Villager (Male) |
| 4:43 | Construir | Mill |
| 4:53 | Construir | House |
| 4:58 | Crear | Villager (Male) |
| 5:28 | Crear | Villager (Male) |
| 5:28 | Crear | Villager (Male) |
| 5:42 | Crear | Villager (Male) |
| 6:27 | Crear | Villager (Male) |
| 6:50 | Crear | Villager (Male) |
| 6:55 | Investigar | Loom |
| 7:58 | Investigar | Feudal Age |
| 8:15 | Construir | Mining Camp |
| 8:57 | Construir | House |
| 10:14 | Construir | Watch Tower |
| 10:16 | Crear | Villager (Male) |
| 10:17 | Crear | Villager (Male) |
| 10:17 | Crear | Villager (Male) |
| 10:19 | Crear | Villager (Male) |
| 10:19 | Crear | Villager (Male) |
| 11:12 | Crear | Villager (Male) |
| 11:13 | Crear | Villager (Male) |
| 11:40 | Crear | Villager (Male) |
| 11:41 | Crear | Villager (Male) |
| 12:07 | Construir | Watch Tower |
| 12:41 | Construir | Farm |
| 12:42 | Construir | Farm |
| 12:43 | Construir | Farm |
| 12:43 | Construir | Farm |
| 12:43 | Construir | Farm |
| 12:43 | Construir | Farm |
| 12:44 | Construir | Farm |
| 12:44 | Construir | Farm |
| 12:44 | Construir | Farm |
| 12:49 | Crear | Villager (Male) |
| 12:50 | Crear | Villager (Male) |
| 13:31 | Crear | Villager (Male) |
| 13:44 | Construir | Blacksmith |
| 13:49 | Investigar | Wheelbarrow |
| 13:53 | Construir | House |
| 13:53 | Construir | House |
| 13:53 | Construir | House |
| 13:54 | Construir | House |
| 13:54 | Construir | House |
| 14:31 | Investigar | Fletching |
| 14:40 | Crear | Villager (Male) |
| 14:40 | Crear | Villager (Male) |
| 14:43 | Crear | Villager (Male) |
| 14:43 | Crear | Villager (Male) |
| 15:37 | Crear | Villager (Male) |
| 15:38 | Crear | Villager (Male) |
| 15:38 | Crear | Villager (Male) |
| 15:53 | Construir | Watch Tower |
| 16:23 | Construir | Palisade Wall |
| 16:23 | Construir | Palisade Wall |
| 16:24 | Construir | Palisade Wall |
| 16:24 | Construir | Palisade Wall |
| 16:30 | Construir | House |
| 16:38 | Construir | House |
| 16:52 | Construir | House |
| 17:00 | Crear | Villager (Male) |
| 17:00 | Crear | Villager (Male) |
| 17:16 | Construir | House |
| 18:03 | Construir | House |
| 18:07 | Construir | House |
| 18:35 | Crear | Villager (Male) |
| 18:36 | Crear | Villager (Male) |
| 18:39 | Construir | Farm |
| 18:41 | Construir | Farm |
| 18:41 | Construir | Farm |
| 18:41 | Construir | Farm |
| 18:50 | Construir | Market |
| 19:07 | Construir | House |
| 19:22 | Construir | Watch Tower |
| 19:47 | Crear | Villager (Male) |
| 19:47 | Crear | Villager (Male) |
| 19:57 | Investigar | Castle Age |
| 21:57 | Construir | House |
| 22:41 | Crear | Villager (Male) |
| 22:41 | Crear | Villager (Male) |
| 22:41 | Crear | Villager (Male) |
| 22:45 | Investigar | Bodkin Arrow |
| 23:25 | Crear | Villager (Male) |
| 23:25 | Crear | Villager (Male) |
| 23:34 | Construir | Town Center |
| 23:36 | Crear | Villager (Male) |
| 23:37 | Crear | Villager (Male) |
| 23:37 | Crear | Villager (Male) |
| 23:38 | Crear | Villager (Male) |
| 23:39 | Crear | Villager (Male) |
| 23:39 | Crear | Villager (Male) |
| 24:25 | Crear | Villager (Male) |
| 24:25 | Crear | Villager (Male) |
| 24:30 | Construir | House |
| 24:30 | Construir | House |
| 24:32 | Construir | House |
| 24:32 | Construir | House |
| 24:33 | Construir | House |
| 24:50 | Construir | Town Center |
| 24:52 | Crear | Villager (Male) |
| 24:55 | Crear | Villager (Male) |
| 24:55 | Crear | Villager (Male) |
| 25:41 | Crear | Villager (Male) |
| 25:41 | Crear | Villager (Male) |
| 25:41 | Crear | Villager (Male) |
| 25:42 | Crear | Villager (Male) |
| 26:57 | Crear | Villager (Male) |
| 26:58 | Crear | Villager (Male) |
| 27:02 | Crear | Villager (Male) |
| 27:02 | Crear | Villager (Male) |
| 27:02 | Crear | Villager (Male) |
| 27:02 | Crear | Villager (Male) |
| 27:03 | Crear | Villager (Male) |
| 27:03 | Crear | Villager (Male) |
| 27:03 | Crear | Villager (Male) |
| 27:03 | Crear | Villager (Male) |
| 27:37 | Construir | Farm |
| 27:39 | Crear | Villager (Male) |
| 27:40 | Crear | Villager (Male) |
| 27:40 | Crear | Villager (Male) |
| 27:40 | Crear | Villager (Male) |
| 27:43 | Construir | House |
| 27:44 | Construir | House |
| 27:44 | Construir | House |
| 27:44 | Construir | House |
| 27:45 | Construir | House |
| 27:51 | Construir | Farm |
| 27:52 | Construir | Farm |
| 27:52 | Construir | Farm |
| 27:52 | Construir | Farm |
| 27:53 | Construir | Farm |
| 27:53 | Construir | Farm |
| 27:53 | Construir | Farm |
| 27:53 | Construir | Farm |
| 27:57 | Crear | Villager (Male) |
Build order — 犹豫就会白给
Primeras 150 de 279 acciones detectadas
| 0:05 | Crear | Villager (Male) |
| 0:05 | Crear | Villager (Male) |
| 0:05 | Crear | Villager (Male) |
| 0:07 | Construir | House |
| 0:09 | Construir | House |
| 0:57 | Crear | Villager (Male) |
| 0:58 | Crear | Villager (Male) |
| 1:35 | Crear | Villager (Male) |
| 2:06 | Crear | Villager (Male) |
| 2:15 | Crear | Villager (Male) |
| 2:16 | Crear | Villager (Male) |
| 3:07 | Crear | Villager (Male) |
| 3:08 | Crear | Villager (Male) |
| 3:13 | Construir | Lumber Camp |
| 3:58 | Construir | House |
| 3:59 | Construir | House |
| 4:02 | Crear | Villager (Male) |
| 4:43 | Crear | Villager (Male) |
| 4:43 | Crear | Villager (Male) |
| 5:22 | Crear | Villager (Male) |
| 5:42 | Crear | Villager (Male) |
| 5:54 | Construir | Mill |
| 5:59 | Crear | Villager (Male) |
| 6:06 | Crear | Villager (Male) |
| 6:33 | Crear | Villager (Male) |
| 7:12 | Crear | Villager (Male) |
| 7:27 | Crear | Villager (Male) |
| 7:43 | Construir | Mining Camp |
| 8:11 | Crear | Villager (Male) |
| 8:30 | Investigar | Feudal Age |
| 8:42 | Construir | Farm |
| 8:49 | Construir | Farm |
| 9:44 | Construir | House |
| 11:03 | Edad | Edad Feudal |
| 11:12 | Construir | House |
| 11:22 | Construir | Market |
| 11:32 | Construir | Market |
| 11:46 | Crear | Villager (Male) |
| 11:47 | Crear | Villager (Male) |
| 11:51 | Investigar | Loom |
| 11:53 | Crear | Villager (Male) |
| 11:53 | Crear | Villager (Male) |
| 12:20 | Construir | Blacksmith |
| 12:36 | Investigar | Double-Bit Axe |
| 12:49 | Investigar | Castle Age |
| 12:56 | Construir | Palisade Wall |
| 13:07 | Construir | Palisade Wall |
| 13:45 | Crear | Villager (Male) |
| 13:46 | Crear | Villager (Male) |
| 14:01 | Construir | Watch Tower |
| 14:57 | Construir | Mining Camp |
| 15:09 | Construir | Lumber Camp |
| 15:20 | Construir | Palisade Wall |
| 15:29 | Edad | Edad de los Castillos |
| 15:34 | Construir | Siege Workshop |
| 15:38 | Construir | House |
| 16:02 | Crear | Villager (Male) |
| 16:20 | Crear | Mangonel |
| 16:24 | Construir | Farm |
| 16:24 | Construir | Farm |
| 16:33 | Crear | Villager (Male) |
| 16:44 | Construir | Farm |
| 16:46 | Crear | Villager (Male) |
| 17:30 | Crear | Villager (Male) |
| 17:44 | Crear | Villager (Male) |
| 17:57 | Construir | Town Center |
| 18:01 | Crear | Villager (Male) |
| 18:28 | Crear | Villager (Male) |
| 18:36 | Construir | Farm |
| 18:41 | Investigar | Bow Saw |
| 18:42 | Crear | Villager (Male) |
| 19:19 | Crear | Mangonel |
| 19:20 | Crear | Villager (Male) |
| 19:21 | Crear | Villager (Male) |
| 19:23 | Crear | Villager (Male) |
| 19:30 | Crear | Villager (Male) |
| 19:32 | Construir | Farm |
| 20:30 | Crear | Villager (Male) |
| 20:32 | Construir | Farm |
| 20:36 | Construir | Farm |
| 20:39 | Crear | Villager (Male) |
| 20:39 | Crear | Villager (Male) |
| 20:50 | Crear | Villager (Male) |
| 21:12 | Construir | Farm |
| 21:31 | Construir | Stone Wall |
| 21:39 | Crear | Villager (Male) |
| 21:39 | Crear | Villager (Male) |
| 21:44 | Construir | Farm |
| 21:46 | Construir | Farm |
| 21:50 | Crear | Villager (Male) |
| 21:56 | Construir | Town Center |
| 22:04 | Construir | Town Center |
| 22:18 | Crear | Villager (Male) |
| 22:22 | Construir | Farm |
| 22:27 | Construir | House |
| 22:28 | Construir | House |
| 22:50 | Crear | Villager (Male) |
| 22:51 | Crear | Villager (Male) |
| 22:56 | Construir | Farm |
| 23:02 | Construir | Farm |
| 23:03 | Construir | Farm |
| 23:10 | Construir | Farm |
| 23:14 | Crear | Villager (Male) |
| 23:15 | Crear | Villager (Male) |
| 23:18 | Construir | House |
| 23:19 | Construir | House |
| 23:20 | Construir | House |
| 23:39 | Construir | Farm |
| 23:44 | Crear | Villager (Male) |
| 23:47 | Construir | Farm |
| 23:48 | Construir | Farm |
| 23:52 | Crear | Villager (Male) |
| 23:52 | Crear | Villager (Male) |
| 23:52 | Crear | Villager (Male) |
| 24:03 | Crear | Villager (Male) |
| 24:06 | Construir | Farm |
| 24:13 | Construir | House |
| 24:19 | Construir | Farm |
| 24:20 | Construir | Farm |
| 24:21 | Construir | Farm |
| 24:22 | Construir | Farm |
| 24:29 | Crear | Villager (Male) |
| 24:30 | Crear | Villager (Male) |
| 24:30 | Crear | Villager (Male) |
| 24:40 | Construir | House |
| 24:42 | Construir | House |
| 24:48 | Construir | Farm |
| 24:49 | Construir | Farm |
| 25:05 | Crear | Villager (Male) |
| 25:05 | Crear | Villager (Male) |
| 25:05 | Crear | Villager (Male) |
| 25:05 | Crear | Villager (Male) |
| 25:06 | Crear | Villager (Male) |
| 25:10 | Construir | Farm |
| 25:11 | Construir | Farm |
| 25:16 | Crear | Villager (Male) |
| 25:34 | Crear | Villager (Male) |
| 25:35 | Crear | Villager (Male) |
| 25:37 | Construir | Farm |
| 25:44 | Construir | Farm |
| 25:48 | Construir | House |
| 25:49 | Construir | House |
| 25:54 | Crear | Villager (Male) |
| 25:54 | Crear | Villager (Male) |
| 25:55 | Crear | Villager (Male) |
| 26:04 | Crear | Villager (Male) |
| 26:05 | Crear | Villager (Male) |
| 26:09 | Construir | Farm |
| 26:10 | Construir | Farm |
| 26:18 | Crear | Villager (Male) |
Build order — moul_3asirLimoune
Primeras 150 de 261 acciones detectadas
| 0:06 | Construir | House |
| 0:07 | Construir | House |
| 0:11 | Crear | Villager (Male) |
| 0:12 | Crear | Villager (Male) |
| 0:12 | Crear | Villager (Male) |
| 0:12 | Crear | Villager (Male) |
| 1:01 | Investigar | Loom |
| 1:12 | Construir | Lumber Camp |
| 2:06 | Crear | Villager (Male) |
| 2:45 | Crear | Villager (Male) |
| 3:33 | Crear | Villager (Male) |
| 3:33 | Crear | Villager (Male) |
| 4:44 | Crear | Villager (Male) |
| 4:44 | Crear | Villager (Male) |
| 4:44 | Crear | Villager (Male) |
| 4:45 | Crear | Villager (Male) |
| 5:15 | Construir | House |
| 5:16 | Crear | Villager (Male) |
| 5:50 | Construir | House |
| 5:52 | Crear | Villager (Male) |
| 7:23 | Construir | Lumber Camp |
| 7:26 | Construir | House |
| 7:37 | Crear | Villager (Male) |
| 7:38 | Crear | Villager (Male) |
| 8:26 | Crear | Villager (Male) |
| 9:33 | Crear | Villager (Male) |
| 10:28 | Construir | Mill |
| 10:32 | Crear | Villager (Male) |
| 10:42 | Construir | Mining Camp |
| 10:56 | Crear | Villager (Male) |
| 11:03 | Construir | Farm |
| 11:04 | Construir | Farm |
| 11:06 | Construir | Farm |
| 11:08 | Construir | Farm |
| 11:09 | Construir | Farm |
| 11:11 | Construir | Farm |
| 11:19 | Crear | Villager (Male) |
| 11:25 | Construir | Farm |
| 11:31 | Construir | Farm |
| 11:33 | Construir | Farm |
| 11:35 | Construir | Farm |
| 12:04 | Crear | Villager (Male) |
| 12:37 | Construir | Farm |
| 13:06 | Investigar | Feudal Age |
| 15:16 | Edad | Edad Feudal |
| 15:20 | Construir | Blacksmith |
| 15:28 | Construir | Market |
| 15:31 | Crear | Villager (Male) |
| 15:35 | Investigar | Wheelbarrow |
| 16:01 | Construir | House |
| 16:01 | Construir | House |
| 16:02 | Construir | House |
| 16:03 | Construir | House |
| 16:06 | Construir | Farm |
| 16:16 | Crear | Villager (Male) |
| 16:38 | Construir | Farm |
| 18:26 | Construir | Farm |
| 18:28 | Investigar | Castle Age |
| 19:25 | Construir | Farm |
| 19:33 | Investigar | Double-Bit Axe |
| 19:42 | Construir | Farm |
| 19:43 | Construir | Farm |
| 19:44 | Construir | Farm |
| 19:45 | Construir | Farm |
| 20:21 | Investigar | Stone Mining |
| 21:08 | Edad | Edad de los Castillos |
| 21:16 | Crear | Villager (Male) |
| 21:17 | Crear | Villager (Male) |
| 21:17 | Crear | Villager (Male) |
| 21:19 | Investigar | Bow Saw |
| 21:36 | Construir | Town Center |
| 21:42 | Construir | Town Center |
| 21:44 | Crear | Villager (Male) |
| 21:44 | Crear | Villager (Male) |
| 22:02 | Crear | Villager (Male) |
| 22:02 | Crear | Villager (Male) |
| 22:03 | Crear | Villager (Male) |
| 22:27 | Crear | Villager (Male) |
| 22:27 | Crear | Villager (Male) |
| 22:53 | Crear | Villager (Male) |
| 22:53 | Crear | Villager (Male) |
| 22:53 | Crear | Villager (Male) |
| 22:53 | Crear | Villager (Male) |
| 22:56 | Crear | Villager (Male) |
| 22:56 | Crear | Villager (Male) |
| 22:56 | Crear | Villager (Male) |
| 22:57 | Crear | Villager (Male) |
| 23:06 | Construir | Farm |
| 23:27 | Crear | Villager (Male) |
| 23:28 | Crear | Villager (Male) |
| 23:31 | Crear | Villager (Male) |
| 23:53 | Crear | Villager (Male) |
| 23:53 | Crear | Villager (Male) |
| 23:54 | Crear | Villager (Male) |
| 23:54 | Crear | Villager (Male) |
| 23:54 | Crear | Villager (Male) |
| 23:56 | Crear | Villager (Male) |
| 24:10 | Construir | Town Center |
| 24:15 | Crear | Villager (Male) |
| 24:18 | Construir | Farm |
| 24:20 | Construir | Farm |
| 24:48 | Crear | Villager (Male) |
| 24:49 | Crear | Villager (Male) |
| 24:56 | Construir | Farm |
| 25:00 | Crear | Villager (Male) |
| 25:06 | Construir | House |
| 25:07 | Construir | House |
| 25:08 | Construir | House |
| 25:10 | Construir | House |
| 25:11 | Construir | House |
| 25:12 | Construir | House |
| 25:13 | Construir | House |
| 25:18 | Construir | Farm |
| 25:23 | Construir | Farm |
| 25:24 | Construir | Farm |
| 25:25 | Construir | Farm |
| 25:26 | Crear | Villager (Male) ×3 |
| 25:39 | Construir | Farm |
| 25:41 | Construir | Farm |
| 26:19 | Crear | Villager (Male) ×5 |
| 26:39 | Construir | Farm |
| 26:40 | Construir | Farm |
| 26:41 | Construir | Farm |
| 26:43 | Construir | Farm |
| 26:44 | Construir | Farm |
| 26:46 | Construir | Mill |
| 26:50 | Crear | Villager (Male) ×5 |
| 26:50 | Crear | Villager (Male) |
| 27:04 | Construir | Town Center |
| 27:13 | Construir | Farm |
| 27:16 | Construir | Farm |
| 27:19 | Crear | Villager (Male) ×5 |
| 27:20 | Crear | Villager (Male) |
| 27:23 | Construir | House |
| 27:24 | Construir | House |
| 27:47 | Construir | Farm |
| 28:10 | Construir | Farm |
| 28:13 | Crear | Villager (Male) ×5 |
| 28:24 | Construir | Farm |
| 28:25 | Construir | Farm |
| 28:26 | Construir | Farm |
| 28:27 | Construir | Farm |
| 28:32 | Construir | Farm |
| 28:44 | Crear | Villager (Male) ×5 |
| 28:55 | Construir | Farm |
| 29:43 | Construir | Barracks |
| 30:00 | Construir | House |
| 30:01 | Construir | House |
| 30:01 | Construir | House |
| 30:03 | Crear | Villager (Male) ×5 |
Build order — Launger
Primeras 150 de 192 acciones detectadas
| 0:01 | Crear | Villager (Male) |
| 0:01 | Crear | Villager (Male) |
| 0:02 | Construir | House |
| 0:04 | Construir | House |
| 0:05 | Crear | Villager (Male) |
| 0:36 | Crear | Villager (Male) |
| 1:39 | Crear | Villager (Male) |
| 1:44 | Construir | Lumber Camp |
| 2:15 | Crear | Villager (Male) |
| 2:15 | Crear | Villager (Male) |
| 3:06 | Crear | Villager (Male) |
| 3:08 | Crear | Villager (Male) |
| 3:49 | Crear | Villager (Male) |
| 4:13 | Construir | House |
| 4:17 | Construir | House |
| 4:21 | Crear | Villager (Male) |
| 4:36 | Crear | Villager (Male) |
| 5:09 | Crear | Villager (Male) |
| 5:10 | Crear | Villager (Male) |
| 5:17 | Construir | Mill |
| 5:42 | Crear | Villager (Male) |
| 5:43 | Crear | Villager (Male) |
| 7:19 | Investigar | Feudal Age |
| 8:11 | Crear | Villager (Male) |
| 8:11 | Crear | Villager (Male) |
| 8:11 | Crear | Villager (Male) |
| 8:26 | Construir | Mining Camp |
| 9:15 | Crear | Villager (Male) |
| 9:29 | Edad | Edad Feudal |
| 9:45 | Investigar | Loom |
| 10:26 | Construir | Stone Wall |
| 10:32 | Construir | Gate |
| 10:36 | Construir | Stone Wall |
| 10:46 | Construir | Mining Camp |
| 11:05 | Construir | Stone Wall |
| 11:11 | Construir | Stone Wall |
| 11:25 | Construir | Barracks |
| 11:27 | Construir | Farm |
| 11:28 | Construir | Farm |
| 11:28 | Construir | Farm |
| 11:35 | Construir | Farm |
| 11:43 | Construir | Stone Wall |
| 11:47 | Construir | Stone Wall |
| 12:02 | Investigar | Gold Mining |
| 12:22 | Construir | Watch Tower |
| 12:32 | Crear | Militia |
| 12:34 | Crear | Militia |
| 13:01 | Construir | House |
| 13:14 | Construir | Farm |
| 13:18 | Construir | House |
| 13:29 | Crear | Villager (Male) |
| 13:29 | Crear | Villager (Male) |
| 13:33 | Crear | Villager (Male) |
| 13:36 | Construir | Farm |
| 13:39 | Investigar | Double-Bit Axe |
| 14:14 | Construir | Watch Tower |
| 14:51 | Construir | Farm |
| 14:52 | Construir | Farm |
| 14:52 | Crear | Militia |
| 14:53 | Crear | Militia |
| 14:54 | Investigar | Man-at-Arms (upgrade) |
| 15:41 | Crear | Villager (Male) |
| 15:42 | Crear | Villager (Male) |
| 15:48 | Crear | Militia |
| 15:49 | Crear | Militia |
| 15:59 | Construir | Farm |
| 16:17 | Construir | Farm |
| 16:21 | Crear | Militia |
| 16:21 | Crear | Militia |
| 16:23 | Crear | Militia |
| 16:30 | Crear | Villager (Male) |
| 16:32 | Construir | House |
| 17:15 | Construir | Gate |
| 17:23 | Crear | Villager (Male) |
| 17:23 | Crear | Villager (Male) |
| 17:42 | Crear | Villager (Male) |
| 17:42 | Crear | Villager (Male) |
| 18:41 | Crear | Spearman |
| 18:42 | Crear | Spearman |
| 18:42 | Crear | Spearman |
| 18:52 | Construir | Stone Wall |
| 18:55 | Construir | Stone Wall |
| 18:57 | Construir | Stone Wall |
| 19:05 | Construir | Farm |
| 19:10 | Construir | Stone Wall |
| 19:14 | Construir | Stone Wall |
| 19:16 | Construir | Stone Wall |
| 19:33 | Crear | Militia |
| 19:33 | Crear | Militia |
| 19:38 | Crear | Villager (Male) |
| 19:47 | Crear | Militia |
| 20:18 | Crear | Militia |
| 20:33 | Construir | Mill |
| 20:35 | Construir | Farm |
| 20:35 | Construir | Farm |
| 20:35 | Construir | Farm |
| 20:35 | Construir | Farm |
| 20:36 | Construir | Farm |
| 20:40 | Construir | Farm |
| 20:40 | Construir | Farm |
| 21:05 | Crear | Villager (Male) |
| 21:05 | Crear | Villager (Male) |
| 21:34 | Construir | Farm |
| 21:55 | Construir | Farm |
| 22:02 | Crear | Militia |
| 22:08 | Construir | Farm |
| 22:24 | Crear | Militia |
| 22:40 | Crear | Villager (Male) |
| 23:13 | Crear | Villager (Male) |
| 23:14 | Crear | Villager (Male) |
| 23:34 | Crear | Villager (Male) |
| 23:34 | Crear | Villager (Male) |
| 23:55 | Construir | Mill |
| 23:58 | Construir | Farm |
| 23:58 | Construir | Farm |
| 23:58 | Construir | Farm |
| 23:59 | Construir | Farm |
| 23:59 | Construir | Farm |
| 23:59 | Construir | Farm |
| 23:59 | Construir | Farm |
| 24:00 | Construir | Farm |
| 24:00 | Construir | Farm |
| 24:06 | Crear | Villager (Male) |
| 24:06 | Crear | Villager (Male) |
| 24:22 | Crear | Militia |
| 24:22 | Crear | Militia |
| 25:07 | Crear | Villager (Male) |
| 25:25 | Construir | House |
| 25:28 | Construir | House |
| 25:36 | Construir | Market |
| 25:38 | Construir | Blacksmith |
| 26:04 | Construir | Watch Tower |
| 27:40 | Crear | Villager (Male) |
| 27:40 | Crear | Villager (Male) |
| 28:24 | Crear | Villager (Male) |
| 28:25 | Crear | Villager (Male) |
| 28:32 | Crear | Villager (Male) |
| 28:42 | Construir | Farm |
| 29:03 | Crear | Villager (Male) |
| 29:22 | Crear | Villager (Male) |
| 29:37 | Crear | Villager (Male) |
| 30:05 | Crear | Villager (Male) |
| 30:40 | Construir | Farm |
| 30:40 | Construir | Farm |
| 30:58 | Construir | Lumber Camp |
| 31:05 | Investigar | Castle Age |
| 32:06 | Crear | Villager (Male) |
| 32:08 | Crear | Villager (Male) |
| 32:08 | Crear | Villager (Male) |
| 33:45 | Edad | Edad de los Castillos |
Build order — Scyron
Primeras 150 de 297 acciones detectadas
| 0:02 | Crear | Villager (Male) |
| 0:02 | Crear | Villager (Male) |
| 0:03 | Crear | Villager (Male) |
| 0:03 | Crear | Villager (Male) |
| 0:03 | Crear | Villager (Male) |
| 0:04 | Construir | House |
| 0:06 | Construir | House |
| 1:26 | Crear | Villager (Male) |
| 1:26 | Crear | Villager (Male) |
| 1:53 | Construir | Lumber Camp |
| 2:15 | Crear | Villager (Male) |
| 2:16 | Crear | Villager (Male) |
| 2:16 | Crear | Villager (Male) |
| 2:49 | Crear | Villager (Male) |
| 3:38 | Crear | Villager (Male) |
| 3:38 | Crear | Villager (Male) |
| 4:06 | Crear | Villager (Male) |
| 4:42 | Crear | Villager (Male) |
| 4:51 | Crear | Villager (Male) |
| 5:04 | Construir | House |
| 5:09 | Investigar | Loom |
| 5:34 | Crear | Villager (Male) |
| 5:35 | Crear | Villager (Male) |
| 5:41 | Construir | Mill |
| 5:51 | Crear | Villager (Male) |
| 5:56 | Crear | Villager (Male) |
| 6:10 | Crear | Villager (Male) |
| 6:19 | Crear | Villager (Male) |
| 6:27 | Crear | Villager (Male) |
| 6:45 | Crear | Villager (Male) |
| 6:57 | Crear | Villager (Male) |
| 7:26 | Construir | House |
| 7:29 | Crear | Villager (Male) |
| 8:08 | Crear | Villager (Male) |
| 8:29 | Investigar | Feudal Age |
| 9:16 | Construir | Mining Camp |
| 9:31 | Construir | House |
| 10:06 | Edad | Edad Feudal |
| 10:22 | Crear | Villager (Male) |
| 10:23 | Crear | Villager (Male) |
| 10:23 | Crear | Villager (Male) |
| 10:47 | Construir | Watch Tower |
| 10:51 | Crear | Villager (Male) |
| 10:58 | Construir | House |
| 11:06 | Investigar | Double-Bit Axe |
| 11:07 | Investigar | Double-Bit Axe |
| 11:09 | Crear | Villager (Male) |
| 11:13 | Construir | Farm |
| 11:16 | Construir | Farm |
| 11:17 | Crear | Villager (Male) |
| 11:32 | Construir | Barracks |
| 11:52 | Crear | Villager (Male) |
| 12:10 | Crear | Villager (Male) |
| 12:20 | Construir | Farm |
| 12:22 | Crear | Villager (Male) |
| 12:48 | Construir | Archery Range |
| 12:54 | Crear | Villager (Male) |
| 12:56 | Construir | Mining Camp |
| 12:57 | Crear | Villager (Male) |
| 13:16 | Crear | Spearman |
| 13:20 | Crear | Villager (Male) |
| 13:48 | Construir | Watch Tower |
| 13:52 | Crear | Archer |
| 13:56 | Crear | Villager (Male) |
| 13:59 | Construir | Farm |
| 14:00 | Crear | Villager (Male) |
| 14:02 | Construir | Farm |
| 14:30 | Construir | Watch Tower |
| 14:31 | Crear | Archer |
| 14:36 | Crear | Villager (Male) |
| 14:41 | Construir | House |
| 14:42 | Construir | House |
| 14:48 | Construir | Farm |
| 15:11 | Crear | Archer |
| 15:16 | Construir | House |
| 15:33 | Crear | Archer |
| 15:34 | Crear | Villager (Male) |
| 15:44 | Construir | Farm |
| 15:55 | Crear | Villager (Male) |
| 15:58 | Construir | Blacksmith |
| 16:23 | Crear | Villager (Male) |
| 16:25 | Construir | Farm |
| 16:42 | Construir | Farm |
| 16:59 | Construir | Watch Tower |
| 17:03 | Crear | Archer |
| 17:22 | Investigar | Fletching |
| 17:27 | Crear | Archer |
| 17:51 | Crear | Villager (Male) |
| 17:52 | Crear | Villager (Male) |
| 17:56 | Construir | Market |
| 18:18 | Crear | Archer |
| 18:26 | Construir | Mining Camp |
| 18:45 | Crear | Villager (Male) |
| 18:48 | Construir | Farm |
| 18:53 | Construir | Farm |
| 18:57 | Construir | Farm |
| 19:06 | Crear | Villager (Male) |
| 19:11 | Construir | Farm |
| 19:53 | Investigar | Castle Age |
| 19:53 | Investigar | Castle Age |
| 20:55 | Construir | Farm |
| 21:14 | Construir | Stable |
| 21:29 | Edad | Edad de los Castillos |
| 21:31 | Crear | Archer |
| 21:36 | Investigar | Crossbowman (upgrade) |
| 21:36 | Investigar | Crossbowman (upgrade) |
| 21:38 | Investigar | Bodkin Arrow |
| 21:38 | Investigar | Bodkin Arrow |
| 21:46 | Crear | Knight |
| 21:47 | Crear | Knight |
| 22:13 | Construir | Farm |
| 22:13 | Crear | Villager (Male) |
| 22:16 | Construir | House |
| 22:17 | Construir | House |
| 22:18 | Construir | House |
| 22:51 | Crear | Villager (Male) |
| 22:51 | Crear | Villager (Male) |
| 22:51 | Crear | Villager (Male) |
| 22:54 | Construir | Town Center |
| 23:14 | Crear | Villager (Male) |
| 23:14 | Crear | Villager (Male) |
| 23:15 | Construir | Farm |
| 23:16 | Construir | Farm |
| 23:20 | Construir | Farm |
| 23:48 | Construir | House |
| 23:49 | Construir | House |
| 23:50 | Crear | Villager (Male) |
| 23:51 | Crear | Villager (Male) |
| 24:11 | Crear | Villager (Male) |
| 24:26 | Crear | Villager (Male) |
| 24:26 | Crear | Villager (Male) |
| 24:29 | Crear | Villager (Male) |
| 24:29 | Crear | Villager (Male) |
| 24:30 | Crear | Villager (Male) |
| 24:30 | Crear | Villager (Male) |
| 24:30 | Crear | Villager (Male) |
| 24:31 | Crear | Villager (Male) |
| 25:12 | Crear | Villager (Male) |
| 25:13 | Crear | Villager (Male) |
| 25:13 | Crear | Villager (Male) |
| 25:16 | Construir | Farm |
| 25:17 | Construir | Farm |
| 25:18 | Construir | Farm |
| 25:20 | Construir | Farm |
| 25:22 | Construir | Farm |
| 25:24 | Construir | Farm |
| 25:49 | Construir | Town Center |
| 26:14 | Crear | Villager (Male) |
| 26:14 | Crear | Villager (Male) |
| 26:17 | Construir | House |
Build order — 干死歪果佬
Primeras 150 de 374 acciones detectadas
| 0:02 | Crear | Villager (Male) |
| 0:02 | Crear | Villager (Male) |
| 0:02 | Crear | Villager (Male) |
| 0:03 | Crear | Villager (Male) |
| 0:04 | Construir | House |
| 1:01 | Construir | House |
| 1:37 | Construir | House |
| 1:40 | Crear | Villager (Male) |
| 2:30 | Crear | Villager (Male) |
| 2:30 | Crear | Villager (Male) |
| 2:36 | Construir | House |
| 3:05 | Crear | Villager (Male) |
| 3:06 | Crear | Villager (Male) |
| 3:24 | Construir | Lumber Camp |
| 3:45 | Crear | Villager (Male) |
| 3:46 | Crear | Villager (Male) |
| 3:56 | Crear | Villager (Male) |
| 3:56 | Crear | Villager (Male) |
| 3:57 | Crear | Villager (Male) |
| 3:57 | Crear | Villager (Male) |
| 4:46 | Crear | Villager (Male) |
| 4:46 | Crear | Villager (Male) |
| 5:05 | Crear | Villager (Male) |
| 5:05 | Crear | Villager (Male) |
| 5:47 | Crear | Villager (Male) |
| 5:47 | Crear | Villager (Male) |
| 6:37 | Construir | Mill |
| 6:51 | Crear | Villager (Male) |
| 7:27 | Crear | Villager (Male) |
| 8:04 | Crear | Villager (Male) |
| 8:21 | Crear | Villager (Male) |
| 8:21 | Crear | Villager (Male) |
| 9:07 | Construir | Mining Camp |
| 9:14 | Investigar | Feudal Age |
| 9:48 | Crear | Villager (Male) |
| 11:20 | Construir | House |
| 11:25 | Crear | Villager (Male) |
| 11:31 | Edad | Edad Feudal |
| 11:35 | Investigar | Double-Bit Axe |
| 11:54 | Construir | Market |
| 12:03 | Construir | Blacksmith |
| 12:23 | Construir | Farm |
| 12:25 | Construir | Farm |
| 12:33 | Construir | Farm |
| 12:44 | Crear | Villager (Male) |
| 13:13 | Investigar | Castle Age |
| 13:25 | Construir | Farm |
| 13:26 | Construir | Farm |
| 13:27 | Construir | Farm |
| 13:31 | Construir | Farm |
| 13:39 | Construir | House |
| 13:41 | Construir | House |
| 13:59 | Construir | Farm |
| 14:20 | Construir | House |
| 15:53 | Edad | Edad de los Castillos |
| 15:59 | Construir | Town Center |
| 16:14 | Construir | Town Center |
| 16:26 | Investigar | Bow Saw |
| 16:29 | Investigar | Wheelbarrow |
| 16:47 | Crear | Villager (Male) |
| 16:47 | Crear | Villager (Male) |
| 16:56 | Construir | House |
| 16:58 | Construir | House |
| 17:31 | Crear | Villager (Male) |
| 17:31 | Crear | Villager (Male) |
| 17:57 | Construir | Farm |
| 17:59 | Construir | Farm |
| 18:01 | Construir | Farm |
| 18:05 | Crear | Villager (Male) |
| 18:06 | Crear | Villager (Male) |
| 18:10 | Construir | Farm |
| 18:12 | Construir | Farm |
| 18:23 | Construir | Farm |
| 18:33 | Crear | Villager (Male) |
| 18:33 | Crear | Villager (Male) |
| 18:34 | Crear | Villager (Male) |
| 18:44 | Construir | Farm |
| 18:48 | Crear | Villager (Male) |
| 18:48 | Crear | Villager (Male) |
| 18:49 | Crear | Villager (Male) |
| 19:11 | Construir | Farm |
| 19:12 | Construir | Farm |
| 19:14 | Construir | Farm |
| 19:20 | Crear | Villager (Male) |
| 19:20 | Crear | Villager (Male) |
| 19:21 | Crear | Villager (Male) |
| 19:34 | Crear | Villager (Male) |
| 19:34 | Crear | Villager (Male) |
| 19:34 | Crear | Villager (Male) |
| 19:44 | Construir | House |
| 19:47 | Construir | House |
| 19:48 | Construir | House |
| 19:53 | Crear | Villager (Male) |
| 19:53 | Crear | Villager (Male) |
| 19:53 | Crear | Villager (Male) |
| 20:24 | Construir | Town Center |
| 20:35 | Crear | Villager (Male) |
| 20:36 | Crear | Villager (Male) |
| 20:36 | Crear | Villager (Male) |
| 20:43 | Construir | Farm |
| 20:45 | Construir | Farm |
| 20:48 | Construir | Farm |
| 20:59 | Construir | Farm |
| 21:03 | Construir | Farm |
| 21:05 | Construir | Farm |
| 21:10 | Construir | Farm |
| 21:14 | Crear | Villager (Male) |
| 21:14 | Crear | Villager (Male) |
| 21:14 | Crear | Villager (Male) |
| 21:28 | Investigar | Gold Mining |
| 21:31 | Crear | Villager (Male) |
| 21:32 | Crear | Villager (Male) |
| 21:51 | Crear | Villager (Male) |
| 21:52 | Crear | Villager (Male) |
| 21:52 | Crear | Villager (Male) |
| 21:52 | Crear | Villager (Male) |
| 22:01 | Construir | Farm |
| 22:02 | Construir | Farm |
| 22:05 | Construir | Farm |
| 22:09 | Construir | Farm |
| 22:16 | Crear | Villager (Male) |
| 22:16 | Crear | Villager (Male) |
| 22:16 | Crear | Villager (Male) |
| 22:17 | Crear | Villager (Male) |
| 22:27 | Crear | Villager (Male) |
| 22:27 | Crear | Villager (Male) |
| 22:28 | Crear | Villager (Male) |
| 22:44 | Crear | Villager (Male) |
| 22:46 | Crear | Villager (Male) |
| 22:54 | Investigar | Stone Mining |
| 22:59 | Crear | Villager (Male) |
| 22:59 | Crear | Villager (Male) |
| 23:07 | Construir | Farm |
| 23:09 | Construir | Farm |
| 23:13 | Construir | Farm |
| 23:20 | Construir | Mill |
| 23:26 | Investigar | Gold Shaft Mining |
| 23:28 | Crear | Villager (Male) |
| 23:28 | Crear | Villager (Male) |
| 23:29 | Crear | Villager (Male) |
| 23:42 | Construir | Farm |
| 23:44 | Construir | Farm |
| 23:52 | Crear | Villager (Male) |
| 23:52 | Crear | Villager (Male) |
| 23:53 | Crear | Villager (Male) |
| 23:59 | Construir | Farm |
| 24:02 | Construir | Farm |
| 24:21 | Crear | Villager (Male) |
| 24:21 | Crear | Villager (Male) |
| 24:22 | Crear | Villager (Male) |
Build order — Fujitora
Primeras 150 de 279 acciones detectadas
| 0:07 | Construir | House |
| 0:08 | Crear | Villager (Male) |
| 0:08 | Investigar | Loom |
| 0:09 | Crear | Villager (Male) |
| 0:09 | Crear | Villager (Male) |
| 0:17 | Construir | House |
| 0:19 | Construir | House |
| 0:19 | Construir | House |
| 0:21 | Construir | House |
| 0:21 | Construir | House |
| 0:28 | Crear | Villager (Male) |
| 0:28 | Crear | Villager (Male) |
| 0:33 | Crear | Villager (Male) |
| 0:34 | Crear | Villager (Male) |
| 1:52 | Crear | Villager (Male) |
| 1:53 | Crear | Villager (Male) |
| 2:10 | Construir | Mill |
| 2:42 | Crear | Villager (Male) |
| 3:17 | Crear | Villager (Male) |
| 3:17 | Crear | Villager (Male) |
| 3:37 | Crear | Villager (Male) |
| 4:12 | Crear | Villager (Male) |
| 4:12 | Crear | Villager (Male) |
| 4:33 | Crear | Villager (Male) |
| 4:33 | Crear | Villager (Male) |
| 5:03 | Crear | Villager (Male) |
| 5:11 | Crear | Villager (Male) |
| 5:11 | Crear | Villager (Male) |
| 5:30 | Crear | Villager (Male) |
| 5:57 | Crear | Villager (Male) |
| 5:58 | Crear | Villager (Male) |
| 6:15 | Crear | Villager (Male) |
| 6:44 | Crear | Villager (Male) |
| 6:45 | Crear | Villager (Male) |
| 7:21 | Crear | Villager (Male) |
| 7:21 | Crear | Villager (Male) |
| 7:22 | Crear | Villager (Male) |
| 7:42 | Construir | Lumber Camp |
| 9:02 | Investigar | Feudal Age |
| 9:20 | Crear | Villager (Male) |
| 9:25 | Construir | House |
| 9:27 | Construir | House |
| 9:28 | Construir | House |
| 9:30 | Construir | House |
| 9:41 | Construir | Mining Camp |
| 11:02 | Construir | Barracks |
| 11:28 | Edad | Edad Feudal |
| 11:33 | Crear | Villager (Male) |
| 12:09 | Construir | Stable |
| 12:17 | Crear | Villager (Male) |
| 12:22 | Construir | Mining Camp |
| 12:32 | Construir | Blacksmith |
| 12:41 | Crear | Villager (Male) |
| 13:09 | Crear | Villager (Male) |
| 13:38 | Crear | Villager (Male) |
| 13:40 | Construir | Farm |
| 13:42 | Construir | Farm |
| 13:43 | Construir | Farm |
| 13:49 | Construir | Farm |
| 13:50 | Investigar | Castle Age |
| 13:55 | Crear | Villager (Male) |
| 14:04 | Construir | Mining Camp |
| 14:26 | Construir | Farm |
| 16:00 | Crear | Villager (Male) |
| 16:33 | Edad | Edad de los Castillos |
| 16:46 | Crear | Villager (Male) |
| 17:16 | Construir | Castle |
| 17:28 | Construir | Town Center |
| 17:59 | Construir | Monastery |
| 18:12 | Crear | Villager (Male) |
| 18:13 | Crear | Villager (Male) |
| 18:50 | Crear | Monk |
| 19:02 | Construir | Watch Tower |
| 19:11 | Construir | Watch Tower |
| 19:14 | Crear | Villager (Male) |
| 19:15 | Crear | Villager (Male) |
| 19:26 | Crear | Villager (Male) |
| 19:26 | Crear | Villager (Male) |
| 19:42 | Investigar | Fletching |
| 20:08 | Crear | Leitis |
| 20:08 | Crear | Leitis |
| 20:09 | Crear | Leitis |
| 20:18 | Construir | Watch Tower |
| 20:40 | Crear | Villager (Male) |
| 20:40 | Crear | Villager (Male) |
| 20:46 | Construir | Farm |
| 20:46 | Construir | Farm |
| 20:47 | Construir | Farm |
| 20:52 | Crear | Monk |
| 21:19 | Crear | Leitis |
| 22:14 | Crear | Leitis |
| 22:17 | Crear | Villager (Male) |
| 22:17 | Crear | Villager (Male) |
| 22:49 | Construir | Watch Tower |
| 22:56 | Crear | Villager (Male) |
| 22:57 | Crear | Villager (Male) |
| 22:57 | Crear | Villager (Male) |
| 22:57 | Crear | Villager (Male) |
| 23:02 | Construir | Town Center |
| 23:11 | Construir | Farm |
| 23:41 | Crear | Villager (Male) |
| 23:41 | Crear | Villager (Male) |
| 23:41 | Crear | Villager (Male) |
| 24:08 | Construir | Watch Tower |
| 24:34 | Crear | Leitis |
| 24:34 | Crear | Leitis |
| 24:36 | Crear | Villager (Male) |
| 24:36 | Crear | Villager (Male) |
| 24:45 | Construir | House |
| 24:48 | Construir | House |
| 24:48 | Construir | House |
| 24:49 | Construir | House |
| 24:55 | Crear | Villager (Male) |
| 24:55 | Crear | Villager (Male) |
| 24:56 | Crear | Villager (Male) |
| 24:58 | Crear | Villager (Male) |
| 25:49 | Crear | Villager (Male) |
| 25:50 | Crear | Villager (Male) |
| 25:50 | Crear | Villager (Male) |
| 25:50 | Crear | Villager (Male) |
| 26:09 | Crear | Leitis |
| 26:14 | Construir | House |
| 26:14 | Construir | House |
| 26:15 | Construir | House |
| 26:19 | Crear | Villager (Male) |
| 26:19 | Crear | Villager (Male) |
| 26:25 | Construir | Farm |
| 26:25 | Construir | Farm |
| 26:27 | Construir | Farm |
| 26:28 | Construir | Farm |
| 26:29 | Construir | Farm |
| 26:33 | Construir | Farm |
| 26:34 | Construir | Farm |
| 26:35 | Construir | Farm |
| 26:38 | Construir | Farm |
| 26:43 | Crear | Villager (Male) |
| 26:44 | Crear | Villager (Male) |
| 26:46 | Crear | Villager (Male) |
| 26:46 | Crear | Villager (Male) |
| 27:31 | Construir | Castle |
| 27:33 | Construir | Mining Camp |
| 27:35 | Crear | Villager (Male) |
| 27:36 | Crear | Villager (Male) |
| 27:36 | Crear | Villager (Male) |
| 27:36 | Crear | Villager (Male) |
| 27:45 | Construir | Archery Range |
| 27:53 | Construir | Gate |
| 28:05 | Construir | Stone Wall |
| 28:12 | Construir | Market |
| 28:15 | Crear | Villager (Male) |
Build order — Led
Primeras 150 de 257 acciones detectadas
| 0:03 | Crear | Villager (Male) |
| 0:03 | Crear | Villager (Male) |
| 0:04 | Crear | Villager (Male) |
| 0:04 | Crear | Villager (Male) |
| 0:04 | Crear | Villager (Male) |
| 0:06 | Construir | House |
| 0:07 | Construir | House |
| 1:36 | Crear | Villager (Male) |
| 1:37 | Crear | Villager (Male) |
| 1:37 | Crear | Villager (Male) |
| 1:51 | Construir | Lumber Camp |
| 2:11 | Crear | Villager (Male) |
| 2:12 | Crear | Villager (Male) |
| 2:12 | Crear | Villager (Male) |
| 2:25 | Crear | Villager (Male) |
| 2:25 | Crear | Villager (Male) |
| 2:50 | Crear | Villager (Male) |
| 2:50 | Crear | Villager (Male) |
| 3:07 | Crear | Villager (Male) |
| 3:39 | Crear | Villager (Male) |
| 3:39 | Crear | Villager (Male) |
| 3:39 | Crear | Villager (Male) |
| 3:49 | Construir | House |
| 4:09 | Crear | Villager (Male) |
| 4:09 | Crear | Villager (Male) |
| 4:09 | Crear | Villager (Male) |
| 4:21 | Construir | Mill |
| 4:26 | Crear | Villager (Male) |
| 4:27 | Crear | Villager (Male) |
| 4:27 | Crear | Villager (Male) |
| 4:58 | Crear | Villager (Male) |
| 5:22 | Crear | Villager (Male) |
| 5:23 | Crear | Villager (Male) |
| 5:23 | Crear | Villager (Male) |
| 5:47 | Construir | House |
| 5:52 | Crear | Villager (Male) |
| 5:53 | Crear | Villager (Male) |
| 5:53 | Crear | Villager (Male) |
| 6:23 | Crear | Villager (Male) |
| 6:29 | Crear | Villager (Male) |
| 6:52 | Construir | Mining Camp |
| 6:55 | Crear | Villager (Male) |
| 6:55 | Crear | Villager (Male) |
| 7:37 | Crear | Villager (Male) |
| 7:46 | Crear | Villager (Male) |
| 8:21 | Crear | Villager (Male) |
| 8:57 | Investigar | Feudal Age |
| 9:29 | Construir | House |
| 10:18 | Construir | Farm |
| 10:23 | Construir | Farm |
| 10:33 | Crear | Villager (Male) |
| 10:33 | Crear | Villager (Male) |
| 10:34 | Crear | Villager (Male) |
| 10:34 | Crear | Villager (Male) |
| 10:34 | Crear | Villager (Male) |
| 11:07 | Edad | Edad Feudal |
| 11:10 | Crear | Villager (Male) |
| 11:10 | Crear | Villager (Male) |
| 11:15 | Construir | Market |
| 11:19 | Construir | Blacksmith |
| 11:39 | Construir | Mining Camp |
| 12:48 | Construir | Farm |
| 12:49 | Construir | Farm |
| 12:50 | Crear | Villager (Male) |
| 12:50 | Crear | Villager (Male) |
| 12:53 | Construir | Lumber Camp |
| 13:01 | Investigar | Castle Age |
| 13:39 | Construir | Farm |
| 13:41 | Investigar | Double-Bit Axe |
| 15:29 | Crear | Villager (Male) |
| 15:30 | Crear | Villager (Male) |
| 15:30 | Crear | Villager (Male) |
| 15:33 | Construir | House |
| 15:43 | Edad | Edad de los Castillos |
| 16:07 | Crear | Villager (Male) |
| 16:08 | Crear | Villager (Male) |
| 16:08 | Crear | Villager (Male) |
| 16:33 | Construir | Castle |
| 17:12 | Crear | Villager (Male) |
| 17:13 | Crear | Villager (Male) |
| 17:14 | Crear | Villager (Male) |
| 17:14 | Crear | Villager (Male) |
| 17:42 | Crear | Villager (Male) |
| 17:42 | Crear | Villager (Male) |
| 17:51 | Construir | Town Center |
| 18:29 | Crear | Villager (Male) |
| 18:29 | Crear | Villager (Male) |
| 18:30 | Crear | Villager (Male) |
| 18:30 | Crear | Villager (Male) |
| 18:39 | Construir | Castle |
| 18:58 | Crear | Villager (Male) |
| 18:59 | Crear | Villager (Male) |
| 19:27 | Construir | Town Center |
| 19:32 | Construir | House |
| 20:16 | Crear | Villager (Male) |
| 20:16 | Crear | Villager (Male) |
| 20:16 | Crear | Villager (Male) |
| 20:16 | Crear | Villager (Male) |
| 20:19 | Construir | Farm |
| 20:21 | Construir | Farm |
| 20:22 | Construir | Farm |
| 20:25 | Construir | Farm |
| 20:26 | Construir | Farm |
| 20:29 | Construir | Farm |
| 20:31 | Construir | Farm |
| 20:32 | Crear | Villager (Male) |
| 20:33 | Crear | Villager (Male) |
| 20:43 | Crear | Villager (Male) |
| 20:43 | Crear | Villager (Male) |
| 20:52 | Investigar | Gold Mining |
| 20:55 | Construir | Farm |
| 20:57 | Construir | Farm |
| 21:02 | Construir | Farm |
| 21:08 | Construir | Mining Camp |
| 21:10 | Crear | Mameluke |
| 21:11 | Crear | Mameluke |
| 21:18 | Crear | Villager (Male) |
| 21:18 | Crear | Villager (Male) |
| 21:35 | Crear | Villager (Male) |
| 21:39 | Construir | Farm |
| 21:43 | Crear | Villager (Male) |
| 22:03 | Construir | Farm |
| 22:05 | Construir | Farm |
| 22:08 | Crear | Villager (Male) |
| 22:19 | Crear | Villager (Male) |
| 22:21 | Construir | Farm |
| 22:23 | Crear | Villager (Male) |
| 22:23 | Crear | Villager (Male) |
| 22:31 | Construir | Farm |
| 22:33 | Crear | Villager (Male) |
| 22:37 | Construir | Farm |
| 22:40 | Crear | Mameluke |
| 22:40 | Crear | Mameluke |
| 22:45 | Construir | Farm |
| 22:49 | Crear | Villager (Male) |
| 22:57 | Construir | Farm |
| 23:02 | Crear | Villager (Male) |
| 23:05 | Crear | Mameluke |
| 23:05 | Crear | Mameluke |
| 23:06 | Crear | Mameluke |
| 23:07 | Crear | Villager (Male) |
| 23:23 | Construir | Mining Camp |
| 23:26 | Crear | Villager (Male) |
| 23:27 | Crear | Villager (Male) |
| 23:31 | Crear | Villager (Male) |
| 23:31 | Crear | Villager (Male) |
| 23:45 | Investigar | Horse Collar |
| 23:45 | Investigar | Horse Collar |
| 24:05 | Construir | Farm |
| 24:09 | Crear | Mameluke |
Cronología de la partida
| 9:29 | Launger · age_up feudal |
| 10:06 | Scyron · age_up feudal |
| 10:26 | Launger · wall_segment Stone Wall x7 |
| 10:36 | Launger · wall_segment Stone Wall x4 |
| 11:02 | Fujitora · first_building Barracks |
| 11:03 | 犹豫就会白给 · age_up feudal |
| 11:05 | Launger · wall_segment Stone Wall x7 |
| 11:07 | Led · age_up feudal |
| 11:11 | Launger · wall_segment Stone Wall x2 |
| 11:25 | Launger · first_building Barracks |
| 11:28 | Fujitora · age_up feudal |
| 11:31 | 干死歪果佬 · age_up feudal |
| 11:32 | Scyron · first_building Barracks |
| 11:43 | Launger · wall_segment Stone Wall x1 |
| 11:47 | Launger · wall_segment Stone Wall x1 |
| 12:09 | Fujitora · first_building Stable |
| 12:48 | Scyron · first_building Archery Range |
| 12:56 | 犹豫就会白给 · wall_segment Palisade Wall x10 |
| 13:07 | 犹豫就会白给 · wall_segment Palisade Wall x5 |
| 15:16 | moul_3asirLimoune · age_up feudal |
| 15:20 | 犹豫就会白给 · wall_segment Palisade Wall x8 |
| 15:29 | 犹豫就会白给 · age_up castle |
| 15:34 | 犹豫就会白给 · first_building Siege Workshop |
| 15:43 | Led · age_up castle |
| 15:53 | 干死歪果佬 · age_up castle |
| 16:23 | IFRITIUS7028 · wall_segment Palisade Wall x1 |
| 16:23 | IFRITIUS7028 · wall_segment Palisade Wall x1 |
| 16:24 | IFRITIUS7028 · wall_segment Palisade Wall x1 |
| 16:24 | IFRITIUS7028 · wall_segment Palisade Wall x1 |
| 16:33 | Fujitora · age_up castle |
| 16:33 | Led · first_building Castle |
| 17:16 | Fujitora · first_building Castle |
| 17:59 | Fujitora · first_building Monastery |
| 18:52 | Launger · wall_segment Stone Wall x2 |
| 18:55 | Launger · wall_segment Stone Wall x1 |
| 18:57 | Launger · wall_segment Stone Wall x1 |
| 19:00 | Scyron · first_market_sell 100 stone |
| 19:02 | Scyron · first_market_buy 100 food |
| 19:10 | Launger · wall_segment Stone Wall x1 |
| 19:14 | Launger · wall_segment Stone Wall x1 |
| 19:16 | Launger · wall_segment Stone Wall x1 |
| 19:53 | IFRITIUS7028 · first_market_sell 100 wood |
| 20:05 | Led · first_market_sell 100 wood |
| 20:07 | Led · first_market_buy 100 food |
| 21:08 | moul_3asirLimoune · age_up castle |
| 21:14 | Scyron · first_building Stable |
| 21:29 | Scyron · age_up castle |
| 21:31 | 犹豫就会白给 · wall_segment Stone Wall x1 |
| 24:39 | IFRITIUS7028 · first_market_buy 100 wood |
| 24:43 | 干死歪果佬 · first_building Barracks |
| 25:10 | 干死歪果佬 · first_building Siege Workshop |
| 25:53 | 干死歪果佬 · first_building Monastery |
| 26:09 | Led · first_building Siege Workshop |
| 27:09 | Scyron · first_building Castle |
| 27:12 | 犹豫就会白给 · first_building Castle |
| 27:30 | 犹豫就会白给 · first_market_buy 100 food |
| 27:45 | Fujitora · first_building Archery Range |
| 28:05 | Fujitora · wall_segment Stone Wall x1 |
| 28:36 | 干死歪果佬 · first_building Stable |
| 28:43 | IFRITIUS7028 · first_building Castle |
| 29:03 | Fujitora · wall_segment Stone Wall x11 |
| 29:43 | moul_3asirLimoune · first_building Barracks |
| 29:48 | 干死歪果佬 · age_up imperial |
| 30:33 | moul_3asirLimoune · first_building Castle |
| 30:34 | 犹豫就会白给 · first_building Barracks |
| 30:38 | Fujitora · wall_segment Stone Wall x5 |
| 30:45 | Fujitora · wall_segment Stone Wall x6 |
| 31:08 | 犹豫就会白给 · first_building Archery Range |
| 31:28 | Led · first_building Barracks |
| 32:09 | 犹豫就会白给 · age_up imperial |
| 32:15 | 干死歪果佬 · first_market_sell 100 food |
| 32:29 | Launger · first_market_sell 100 food |
| 32:34 | Launger · first_market_buy 100 stone |
| 32:35 | Led · first_building Stable |
| 32:38 | moul_3asirLimoune · first_building Stable |
| 33:43 | Scyron · age_up imperial |
| 33:45 | Launger · age_up castle |
| 34:02 | 干死歪果佬 · first_building Castle |
| 34:20 | Scyron · first_building Siege Workshop |
| 34:34 | moul_3asirLimoune · first_market_sell 100 food |
| 35:16 | IFRITIUS7028 · first_building Barracks |
| 35:38 | Led · resign |
| 36:38 | moul_3asirLimoune · age_up imperial |
[ ANÁLISIS IA · 1 CRÉDITO ]
¿Qué pasó realmente en esta partida?
Wolo.gg analiza cada decisión: build order, eco, micro, errores típicos por bracket. Análisis personalizado por WhatsApp o Discord en 30 segundos.
Guía civ
Teutones
Perfil
Jugador #20158079